 Dungeon Crawl Stone Soup version 0.29-a0-344-ge2f44be95a (webtiles) character file.

Game seed: 7147017963977057272

26925 Flugkiller the Cleaver (level 13, -6/70 (79) HPs)
             Began as a Palentonga Chaos Knight on Apr 22, 2022.
             Was a Plaything of Xom.
             Killed by vampiric draining
             ... invoked by Josephine
              (21 damage)
             ... on level 10 of the Dungeon.
             The game lasted 00:15:32 (12166 turns).

Flugkiller the Cleaver (Palentonga Chaos Knight)   Turns: 12166, Time: 00:15:32

HP:   -6/70 (79)    AC: 27    Str: 20 (22) XL:     13   Next: 1%
MP:   0/13          EV:  3    Int: 17 (18) God:    Xom [..*...]
Gold: 2742          SH:  9    Dex:  7 (9)  Spells: 12/12 levels left

rFire   . . .      SeeInvis +   B - +1 war axe (freeze)
rCold   . . .      Faith    .   l - +0 kite shield
rNeg    . . .      Spirit   +   b - +2 chain mail {Will+}
rPois   .          Reflect  .   (no helmet)
rElec   .          Harm     .   k - +0 cloak
rCorr   .          Rampage  .   p - +1 pair of gloves
Will    +....      Rage     1%  i - +0 barding
Stlth   ..........              u - amulet of guardian spirit
HPRegen 0.21/turn               (no ring)
MPRegen 0.13/turn               (no ring)

@: slowed, heavily drained, curled up, very slow
A: large, rugged brown scales 3, see invisible, deformed body, roll 2, armoured
tail, reflexive curl, stinger 2, camouflage 1, berserk 1, clever 2,
deterioration 1, frail 3, strong 1
a: Rolling Charge, Renounce Religion


You were on level 10 of the Dungeon.
You worshipped Xom.
You were a toy of Xom.
You visited 1 branch of the dungeon, and saw 10 of its levels.
You visited the Abyss 1 time.
You also visited: Sewer and Bailey.

You collected 2742 gold pieces.

Inventory:

Hand Weapons
 a - a +1 hand axe of chaos
 B - a +1 war axe of freezing (weapon)
   (You took it off an orc on level 7 of the Dungeon)
Armour
 b - a +2 chain mail of willpower (worn)
   (You took it off Terence on level 2 of the Dungeon)
 i - a +0 barding (worn)
   (You found it on level 1 of the Dungeon)
 k - a +0 cloak (worn)
   (You took it off Crazy Yiuf on level 2 of the Dungeon)
 l - a +0 kite shield (worn)
   (You found it on level 1 of the Dungeon)
 p - a +1 pair of gloves (worn)
   (You found it on level 2 of the Dungeon)
 E - the +1 ring mail "Oceu" {rElec rPois Dex+2}
   (You found it on level 8 of the Dungeon)

   Dex:       It affects your dexterity (+2).
   rElec:     It insulates you from electricity.
   rPois:     It protects you from poison.
Jewellery
 h - an amulet of faith
   (You found it on level 1 of the Dungeon)
 u - an amulet of guardian spirit (around neck)
   (You found it on level 5 of the Dungeon)
Wands
 y - a wand of iceblast (4)
   (Xom gifted it to you on level 5 of the Dungeon)
Scrolls
 e - 5 scrolls of amnesia
 g - 7 scrolls of fog
 s - a scroll of vulnerability
 t - a scroll of teleportation
 x - a scroll of brand weapon
 F - a scroll of torment
Potions
 d - 2 potions of might
 f - 6 potions of flight
 j - a potion of cancellation
 m - a potion of attraction
 n - a potion of resistance
 q - 3 potions of curing
 r - a potion of ambrosia {unknown}
 v - a potion of brilliance
 z - a potion of magic {unknown}
 A - a potion of invisibility {unknown}
 C - a potion of mutation {unknown}
Miscellaneous
 c - a piece from Xom's chessboard (13/15) (quivered)
 o - a phantom mirror (inert)
   (You found it in a bailey)


   Skills:
 + Level 9.9 Fighting
 * Level 14.5 Axes
 + Level 6.4 Armour
 - Level 0.7 Dodging
 * Level 9.1 Shields
 - Level 5.0 Evocations


You had 12 spell levels left.
You didn't know any spells.
Your spell library contained the following spells:

 Spells                   Type           Power      Damage    Failure   Level
 Beastly Appendage        Tmut           0%         N/A       98%         1
 Blink                    Tloc           0%         N/A       99%         2
 Scorch                   Fire           0%         2d5       99%         2
 Wereblood                Tmut           0%         N/A       99%         2
 Dazzling Flash           Conj/Hex       0%         N/A       100%        3
 Lesser Beckoning         Tloc           0%         N/A       100%        3
 Spider Form              Tmut/Pois      0%         N/A       100%        3
 Airstrike                Air            0%         N/A       100%        4
 Flame Wave               Conj/Fire      0%         2d4       100%        4
 Iskenderun's Mystic Bla  Conj/Tloc      0%         2d3       100%        4
 Petrify                  Tmut/Erth      0%         N/A       100%        4
 Summon Lightning Spire   Summ/Air       0%         N/A       100%        4
 Lightning Bolt           Conj/Air       0%         1d11      100%        5
 Manifold Assault         Tloc           0%         N/A       100%        5
 Metabolic Englaciation   Hex/Ice        0%         N/A       100%        5
 Starburst                Conj/Fire      0%         6d3       100%        6
 Statue Form              Tmut/Erth      0%         N/A       100%        6
 Summon Cactus Giant      Summ           0%         N/A       100%        6


Dungeon Overview and Level Annotations

Branches:
Dungeon (10/15)            Temple (0/1) D:5            Lair (0/6) D:10
  Sewer (visited)          Bailey (visited)
    Orc: D:9-12

Altars:
Cheibriados
Dithmenos
Elyvilon
Gozag
Hepliaklqana
Kikubaaqudgha
Makhleb
Nemelex Xobeh
Uskayaw
Vehumet
Xom
The Shining One

Annotations:
D:10 Josephine


Innate Abilities, Weirdness & Mutations

You are completely covered in rugged brown scales. (AC +3, +7% HP)
You have supernaturally acute eyesight. (SInv)
Armour fits poorly on your strangely shaped body.
You can roll at foes to attack.
You have a long armoured tail.
You curl defensively after being hit. (AC +7*)
Your tail ends in a sharp venomous barb.
Your skin changes colour to match your surroundings (Stealth+).
You tend to lose your temper in combat.
Your mind is very acute. (Int +4)
Your body sometimes deteriorates upon taking damage.
You are extremely frail. (-30% HP)
Your muscles are strong. (Str +2)


Message History

The electric eel shoots out a bolt of lightning at you!
The bolt of electricity hits you.
Found 26 gold pieces.
You slash the electric eel!
The electric eel seems to slow down.
You freeze the electric eel.
You kill the electric eel!
You hear a splash.
No target in view!
Why would you want to do that?
Found a ruby potion.
You now have 2742 gold pieces (gained 26).
z - a ruby potion
There is a large open door here.
There is a stone staircase leading up, spattered with blood here.
Items here: ))))).
There is a large open door here.
HP restored.
There is a large open door here.
A wraith comes into view.
A wraith is nearby!
A wraith is nearby!
Josephine the Decaying Necromancer comes into view.
She is wielding a +0 dagger.
Josephine shouts!
Josephine drinks a potion.
Josephine seems to grow stronger.
The wraith hits you! The wraith drains your vigour!
You feel yourself slow down.
You hit the wraith but do no damage. You block the wraith's attack.
You block Josephine's attack.
You completely miss Josephine. You tail-slap Josephine!
Josephine is lightly wounded.
You hit the wraith. You freeze the wraith.
The wraith hits you but does no damage. Josephine hits you with a +0 dagger.
You closely miss the wraith.
The wraith is moderately damaged.
You slash Josephine! You freeze Josephine. You block the wraith's attack.
Josephine hits you with a +0 dagger! You block the wraith's attack.
You barely miss Josephine.
Your tail-slap misses Josephine.
Josephine is moderately wounded.
You closely miss the wraith.
Xom snickers.
Your kite shield spins!
Josephine hits you with a +0 dagger. The wraith completely misses you.
You block Josephine's attack.
You slash Josephine! You freeze Josephine.
Josephine is severely wounded.
You hit the wraith. You block the wraith's attack.
Josephine hits you with a +0 dagger.
You barely miss Josephine.
Your tail-slap misses Josephine.
Josephine is severely wounded.
You closely miss the wraith. The wraith hits you.
Josephine draws life force from you!!
Josephine is healed by the life force!
You block the wraith's attack.
Josephine points at you and mumbles some strange words.
The ghostly flame explodes!
The ghostly fireball engulfs you!
You feel drained.
Your body deteriorates!
You feel clumsy.
The ghostly fireball engulfs Josephine.
Josephine completely resists.
The ghostly fireball engulfs the wraith.
The wraith completely resists.
You are too injured to fight recklessly!
You slash Josephine! You freeze Josephine.
Josephine is heavily wounded.
You hit the wraith but do no damage. The wraith hits you but does no damage.
You block Josephine's attack.
You hit Josephine. You freeze Josephine.
Josephine is severely wounded.
You hit the wraith. You freeze the wraith.
The wraith hits you but does no damage.
Josephine points at you and mumbles some strange words.
The ghostly flame explodes!
The ghostly fireball engulfs you!!
You feel drained.
* * * LOW HITPOINT WARNING * * *
Your body deteriorates!
You feel clumsy.
Xom is highly amused!
The ghostly fireball engulfs Josephine.
Josephine completely resists.
The ghostly fireball engulfs the wraith.
The wraith completely resists.
Unknown command.
You feel much better. The wraith hits you but does no damage.
Josephine casts a spell at you.
The ghostly flame explodes!
The ghostly fireball engulfs you!
You feel drained.
Your body deteriorates!
You feel weakened.
The ghostly fireball engulfs Josephine.
Josephine completely resists.
The ghostly fireball engulfs the wraith.
The wraith completely resists.
The wraith hits you.
* * * LOW HITPOINT WARNING * * *
Josephine hits you but does no damage.
You barely miss Josephine.
Josephine is severely wounded.
You hit the wraith but do no damage. The wraith hits you but does no damage.
Josephine hits you with a +0 dagger.
* * * LOW HITPOINT WARNING * * *
Unknown command.
Okay, then.
Aiming: Phantom Mirror
Press: ? - help, Dir - move target, f - Josephine
Aim: Josephine, wielding a +0 dagger and wearing a +0 robe (severely wounded, strong)
You reflect Josephine with the mirror!
The mirror clouds!
You block the wraith's attack.
Josephine says, "How about some decapitation?"
Josephine draws life force from you!!
You die...

#.##.#.....#..##..'........♣♣
#....#.....##.##..'........♣♣
######.....##..#.##≈≈≈≈≈≈≈♣..
#########.#.##≈≈≈≈≈≈≈≈≈≈
#.#.##≈≈≈≈≈≈≈≈≈≈
#...###≈≈≈≈≈≈≈≈≈ # ##..#
##≈≈≈≈≈≈≈≈
####.####..#####≈≈≈≈≈≈≈
#....W@........##≈≈≈≈≈≈ ....>
#....@.......#.###≈≈≈≈≈ #....
#...@##......#.# #... #....
#.##.###.# #... #...
#.#.>....# #..
###'####....##### # #.#
##.....##.....(...
#.###.###.......#.########
#....c).#.......#.#


You could see Josephine (strong, ally target), a wraith and the friendly
Josephine (summoned, strong, drained).

Vanquished Creatures
  A centaur warrior (D:8)
  6 two-headed ogres
  Lodul (D:10)
  A manticore (D:10)
  A large abomination (D:9)
  A hornet (D:9)
  4 wraiths (D:10)
  4 wyverns
  28 yaks
  A steam dragon (D:8)
  Menkaure (D:5)
  3 vampire mosquitoes (D:10)
  A water moccasin (D:7)
  6 orc warriors
  A sky beast (D:6)
  Pargi (Sewer)
  3 ogres
  2 centaurs
  A phantom (D:5)
  6 bullfrogs
  2 scorpions
  A gnoll sergeant (D:6)
  5 wights (D:8)
  13 killer bees
  3 electric eels
  4 howler monkeys
  A jelly (D:6)
  6 hounds
  Crazy Yiuf (D:2)
  An orc priest (D:7)
  Natasha (thrice) (D:2)
  4 iguanas
  Terence (D:2)
  5 orc wizards
  7 gnolls
  3 adders
  2 river rats (D:5)
  2 white imps
  2 ufetubi
  3 dart slugs
  33 orcs
  8 ball pythons
  6 endoplasms
  4 giant cockroaches
  14 goblins
  16 hobgoblins
  6 jackals
  20 kobolds
  5 quokkas
  3 bats
  6 frilled lizards
  11 rats
274 creatures vanquished.

Vanquished Creatures (collateral kills)
  A human (shapeshifter) (D:3)
  A ball python (D:3)
  A kobold (Bailey)
3 creatures vanquished.

Grand Total: 277 creatures vanquished

Notes
Turn   | Place    | Note
-------+----------+-------------------------------------------
     0 | D:1      | Flugkiller the Palentonga Chaos Knight began the quest for
                  | the Orb.
     0 | D:1      | Reached XP level 1. HP: 19/19 MP: 1/1
    60 | D:1      | XOM: potion effect (invisibility)
    74 | D:1      | Reached XP level 2. HP: 23/25 MP: 2/2
   499 | D:1      | XOM: 2-stop teleportation journey
   505 | D:1      | Reached XP level 3. HP: 24/32 MP: 3/3
   652 | D:1      | XOM: scenery: 1 doors close
  1321 | D:2      | Noticed Terence
  1322 | D:2      | XOM: butterfly on damage
  1491 | D:1      | XOM: give mutations
  1491 | D:1      | Gained mutation: Your natural rate of healing is unusually
                  | fast. [Xom's mischief]
  1491 | D:1      | Lost mutation: Your natural rate of healing is unusually
                  | fast. [Xom's mischief]
  1491 | D:1      | Gained mutation: Your body sometimes deteriorates upon
                  | taking damage. [Xom's mischief]
  1506 | D:2      | Killed Terence
  1507 | D:2      | Reached skill level 5 in Fighting
  1507 | D:2      | Reached XP level 4. HP: 12/41 MP: 4/4
  1603 | D:1      | XOM: scenery: 1 doors close
  1627 | D:1      | XOM: scenery: 1 doors open
  1747 | D:2      | XOM: god gift: 1327 gold pieces
  1797 | D:2      | Found an opulent altar of Gozag.
  1826 | D:2      | Noticed Natasha
  1832 | D:2      | Killed Natasha
  1863 | D:2      | Found a runed translucent door.
  1864 | D:2      | Noticed Crazy Yiuf
  1907 | D:2      | XOM: cloud trail
  1941 | D:2      | Noticed Natasha
  1956 | D:2      | Killed Natasha
  1957 | D:2      | Reached XP level 5. HP: 33/49 MP: 5/5
  2061 | D:2      | Noticed Natasha
  2070 | D:2      | Killed Natasha
  2116 | D:2      | XOM: god gift: potion of curing
  2166 | D:2      | XOM: scenery: create altars
  2190 | D:2      | Identified the +1 leather armour of Marbles {Str+4}
  2407 | D:2      | Killed Crazy Yiuf
  2506 | D:2      | XOM: give mutations
  2506 | D:2      | Gained mutation: Your movements are slightly less
                  | encumbered by armour. (ER -2) [Xom's grace]
  2506 | D:2      | Gained mutation: You can roll at foes to attack. [Xom's
                  | grace]
  2593 | D:3      | XOM: divination: detect items
  2602 | D:3      | Found a burning altar of Makhleb.
  2631 | D:3      | Noticed a shapeshifter
  2631 | D:3      | a bat changed into a shapeshifter
  2631 | D:3      | XOM: polymorph bat -> shapeshifter
  2631 | D:3      | Noticed a hog
  2631 | D:3      | a shapeshifter changed into a hog
  2635 | D:3      | XOM: 4-stop teleportation journey
  2759 | D:3      | Found a hazy altar of Hepliaklqana.
  2950 | D:3      | Noticed an unseen horror
  2951 | D:3      | XOM: summons 5 friendly demons
  2960 | D:3      | Noticed a human
  2960 | D:3      | an unseen horror changed into a human
  2962 | D:3      | Killed a human
  2963 | D:3      | Reached XP level 6. HP: 32/56 MP: 6/6
  2989 | D:3      | XOM: scenery: create altars
  3055 | D:3      | Reached skill level 4 in Axes
  3056 | D:3      | XOM: give mutation
  3056 | D:3      | Gained mutation: Your skin changes colour to match your
                  | surroundings (Stealth+). [Xom's grace]
  3163 | D:3      | Found a hide-covered altar of Uskayaw.
  3165 | D:3      | Found a shadowy altar of Dithmenos.
  3238 | D:3      | XOM: cloud trail
  3264 | D:3      | XOM: scenery: summon butterflies
  3311 | D:4      | XOM: give mutations
  3311 | D:4      | Gained mutation: You are robust. (+10% HP) [Xom's grace]
  3311 | D:4      | Gained mutation: Your skin blends seamlessly with your
                  | surroundings (Stealth++). [Xom's grace]
  3383 | D:4      | XOM: give mutations
  3383 | D:4      | Gained mutation: Your mind is acute. (Int +2) [Xom's grace]
  3383 | D:4      | Gained mutation: You are covered in fur. (AC +1) [Xom's
                  | grace]
  3383 | D:4      | Gained mutation: Your tail ends in a venomous barb. [Xom's
                  | grace]
  3383 | D:4      | Gained mutation: Your tail ends in a sharp venomous barb.
                  | [Xom's grace]
  3387 | D:4      | XOM: scenery: summon butterflies
  3394 | D:4      | XOM: give mutations
  3394 | D:4      | Gained mutation: You can roll a great distance at foes to
                  | attack. [Xom's grace]
  3394 | D:4      | Gained mutation: Your spells are a little harder to cast,
                  | but a little more powerful. [Xom's grace]
  3425 | D:4      | XOM: confuse monster(s)
  3486 | D:4      | XOM: polymorph hound -> howler monkey
  3490 | D:4      | XOM: polymorph howler monkey -> hound
  3499 | D:4      | Gained mutation: You curl defensively after being hit. (AC
                  | +7*) [Palentonga growth]
  3499 | D:4      | Reached XP level 7. HP: 31/69 MP: 7/7
  3808 | D:4      | XOM: summons 3 hostile demons
  3809 | D:4      | Noticed a ynoxinul
  4007 | D:4      | Found a sparkling altar of Nemelex Xobeh.
  4035 | D:4      | d:4 killer bees
  4036 | D:4      | XOM: noise
  4204 | D:5      | Entered Level 5 of the Dungeon
  4219 | D:5      | Reached skill level 5 in Axes
  4265 | D:5      | Found an ancient bone altar of Kikubaaqudgha.
  4271 | D:5      | Noticed Menkaure
  4296 | D:5      | Killed Menkaure
  4363 | D:5      | Found a staircase to the Ecumenical Temple.
  4427 | D:5      | Found a glowing drain.
  4430 | D:5      | XOM: cleaving
  4456 | Sewer    | Entered a sewer
  4516 | Sewer    | Noticed Pargi
  4519 | Sewer    | XOM: fog
  4526 | Sewer    | Killed Pargi
  4527 | Sewer    | Reached skill level 6 in Axes
  4527 | Sewer    | Reached XP level 8. HP: 74/78 MP: 8/8
  4540 | Sewer    | XOM: god gift: 5 atropa-tipped darts
  4810 | D:5      | XOM: cloud trail
  4819 | D:5      | XOM: divination: detect items
  5100 | D:5      | XOM: god gift: wand of iceblast (5)
  5295 | D:6      | Found a white marble altar of Elyvilon.
  5299 | D:6      | XOM: blink monster(s)
  5480 | D:6      | Reached skill level 7 in Axes
  5668 | D:6      | XOM: 2-stop teleportation journey
  5872 | D:6      | XOM: smoke on damage
  6088 | D:7      | XOM: 1-stop teleportation journey
  6098 | D:7      | Reached skill level 1 in Evocations
  6149 | D:7      | XOM: confuse monster(s)
  6389 | D:7      | XOM: silly message
  6517 | D:7      | Reached XP level 9. HP: 48/86 MP: 9/9
  6792 | D:7      | XOM: give mutations
  6792 | D:7      | Lost mutation: You are robust. (+10% HP) [Xom's mischief]
  6792 | D:7      | Lost mutation: Your spells are a little harder to cast, but
                  | a little more powerful. [Xom's mischief]
  6792 | D:7      | Gained mutation: You sometimes lose the ability to read
                  | scrolls when taking damage. [Xom's mischief]
  6792 | D:7      | Gained mutation: You are frail. (-10% HP) [Xom's mischief]
  6915 | D:7      | XOM: summons 1 hostile shadow creature
  7027 | D:7      | XOM: 5-stop teleportation journey
  7129 | D:7      | XOM: stat loss: -1 Dex (8/9)
  7168 | D:7      | XOM: give mutation
  7168 | D:7      | Lost mutation: Your movements are slightly less encumbered
                  | by armour. (ER -2) [Xom's mischief]
  7291 | D:8      | Found a flagged portal.
  7293 | D:8      | XOM: polymorph orc -> bat
  7305 | Bailey   | Entered a bailey
  7365 | Bailey   | XOM: give mutations
  7365 | Bailey   | Gained mutation: Your muscles are strong. (Str +2) [Xom's
                  | grace]
  7365 | Bailey   | Gained mutation: Your mind is very acute. (Int +4) [Xom's
                  | grace]
  7365 | Bailey   | Gained mutation: Your spells are a little harder to cast,
                  | but a little more powerful. [Xom's grace]
  7456 | Bailey   | XOM: summons friendly quasit
  7524 | Bailey   | XOM: fog
  7529 | Bailey   | XOM: blink monster(s)
  7531 | Bailey   | XOM: swap monsters
  7535 | Bailey   | Reached skill level 5 in Evocations
  7972 | D:8      | Noticed a centaur warrior
  7984 | D:8      | Killed a centaur warrior
  7985 | D:8      | Reached skill level 8 in Axes
  7987 | D:8      | XOM: cast spell 'Summon Small Mammal'
  7990 | D:8      | Reached skill level 5 in Armour
  8027 | D:8      | XOM: draining
  8059 | D:8      | Identified the +1 ring mail "Oceu" {rElec rPois Dex+2}
  8258 | D:8      | XOM: silly message
  8453 | D:8      | what
  8456 | D:8      | Reached skill level 9 in Axes
  8646 | D:8      | XOM: divination: detect items
  8826 | D:9      | Reached skill level 13 in Axes
  8826 | D:9      | Reached XP level 10. HP: 65/71 MP: 10/10
  8873 | D:9      | XOM: 8-stop teleportation journey
  8885 | D:9      | Reached XP level 11. HP: 56/77 MP: 8/11
  9067 | D:8      | Reached XP level 12. HP: 85/85 MP: 12/12
  9215 | D:9      | XOM: silly message
  9239 | D:9      | XOM: silly message
  9265 | D:9      | XOM: divination: magic mapping
  9278 | D:9      | Found a shimmering altar of Xom.
  9284 | D:9      | XOM: noise
  9418 | D:9      | Cast into level 2 of the Abyss (Xom)
  9422 | Abyss:2  | sick
  9422 | Abyss:2  | thanks bro
  9434 | Abyss:3  | Noticed a rakshasa
  9441 | Abyss:4  | Found a corrupted altar of Lugonu.
  9465 | D:9      | Escaped the Abyss
  9499 | D:8      | XOM: noise
  9679 | D:9      | XOM: summons 3 friendly demons
  9681 | D:9      | Noticed a two-headed ogre
  9691 | D:9      | Killed a two-headed ogre
  9716 | D:9      | XOM: god gift: falchion {god gift}
  9825 | D:9      | XOM: enchant monster (bad)
  9827 | D:9      | XOM: enchant monster (bad)
 10129 | D:9      | XOM: chaos cloud
 10155 | D:9      | XOM: summons 1 hostile shadow creature
 10182 | D:9      | XOM: give mutations
 10182 | D:9      | Lost mutation: You can roll a great distance at foes to
                  | attack. [Xom's mischief]
 10182 | D:9      | Lost mutation: You sometimes lose the ability to read
                  | scrolls when taking damage. [Xom's mischief]
 10215 | D:9      | XOM: draining
 10302 | D:9      | Found a glowing golden altar of the Shining One.
 10330 | D:10     | Entered Level 10 of the Dungeon
 10510 | D:10     | XOM: give mutations
 10510 | D:10     | Gained mutation: You are very frail. (-20% HP) [Xom's
                  | mischief]
 10510 | D:10     | Lost mutation: Your skin blends seamlessly with your
                  | surroundings (Stealth++). [Xom's mischief]
 10510 | D:10     | Lost mutation: Your spells are a little harder to cast, but
                  | a little more powerful. [Xom's mischief]
 10511 | D:10     | Noticed a two-headed ogre
 10526 | D:10     | Noticed a two-headed ogre
 10529 | D:10     | XOM: repel stairs
 10529 | D:10     | Noticed a two-headed ogre
 10535 | D:10     | Noticed Lodul
 10538 | D:10     | Noticed a two-headed ogre
 10539 | D:10     | Killed a two-headed ogre
 10542 | D:10     | Noticed a two-headed ogre
 10543 | D:10     | Killed a two-headed ogre
 10544 | D:10     | Reached skill level 14 in Axes
 10806 | D:10     | XOM: noise
 10816 | D:9      | Killed a two-headed ogre
 10840 | D:9      | XOM: summons 7 hostile demons
 11142 | D:10     | XOM: summons 7 hostile demons
 11144 | D:10     | Gained mutation: You tend to lose your temper in combat. [a
                  | neqoxec]
 11154 | D:10     | Gained mutation: You are extremely frail. (-30% HP) [a
                  | neqoxec]
 11280 | D:10     | Found a snail-covered altar of Cheibriados.
 11280 | D:10     | Found a radiant altar of Vehumet.
 11280 | D:10     | XOM: 2-stop teleportation journey
 11295 | D:10     | XOM: give mutation
 11295 | D:10     | Lost mutation: You are covered in fur. (AC +1) [Xom's
                  | mischief]
 11297 | D:10     | Killed a two-headed ogre
 11298 | D:10     | XOM: enchant monster (good)
 11300 | D:10     | Killed a two-headed ogre
 11324 | D:10     | Found a staircase to the Lair.
 11326 | D:10     | Killed Lodul
 12042 | D:10     | Reached XP level 13. HP: 58/79 MP: 11/13
 12046 | D:10     | XOM: silly message
 12076 | D:10     | XOM: divination: detect items
 12153 | D:10     | Noticed Josephine
 12159 | D:10     | XOM: silly message
 12166 | D:10     | Killed from afar by Josephine

Illustrated notes ..........# #. ...# .⌠.⌠......# #... ..### .._......## #### ##..# .. .⌠.⌠....<.###..###(... ................#.... ................#..# # #............#..#.###... ####...#.....#.......# #...#........@y.$.# #######......##y..... #..##.### .y... #.....# y..# #...### ..# ##.## .# ### # Turn 4035 on D:4: d:4 killer bees

######### #####
################.......######....
..........).z.).z...........'.)..
#####....######z#####.######....
........).'.[..#z# #.# #####
######....####.#@# #.# #....#
#.#.# #.# ###### #...# #.#
##..#####.# #..#.....#
#..#.###.######## #
##.#............. #
#..####.########## #
#.................


Turn 8453 on D:8: what #. .# .. .. .##. ... # >.#. # ..# #.#.# #.@## #..#.#
#...## #.### ## Turn 9422 on Abyss:2: sick

Levels and vault maps discovered:
D:1:      dpeg_arrival_oval, layout_loops_corners, minmay_heptomino_w4
D:2:      layout_rooms, basic_altar, minmay_misc_feat_square, uniq_natasha,
          uniq_terence, uniq_crazy_yiuf_cottage
D:3:      layout_loops_ring, nicolae_hepliaklqana_hippocampus, bloody_makhleb,
          nicolae_overflow_hidden_temple
D:4:      layout_cave_pools, nemelex_xobeh_ov_fountains_minmay
D:5:      layout_loops_ring, amcnicky_altar_gilded, minmay_temple_entry_wispy,
          portal_sewer_entry_b, uniq_menkaure
D:6:      layout_basic, mainiacjoe_overflow_brackets,
          hangedman_abyss_or_decor_passed, kennysheep_diamond
D:7:      layout_cave_pods
D:8:      layout_basic, enter_bailey_4
D:9:      layout_irregular_city, mainiacjoe_overflow_24_doors, tso_altar,
          kennysheep_donut, minmay_between
D:10:     kennysheep_big_flooded_room, layout_basic,
          nicolae_vehumet_altar_sigil, nicolae_overflow_crystal_walls,
          minmay_misc_feat_room, uniq_josephine, uniq_lodul

Skill      XL: |  1  2  3  4  5  6  7  8  9 10 11 12 |
---------------+-------------------------------------+-----
Fighting       | 4 5 6 7 8 9 |  9.9
Armour         | 2 3 4 5 6 |  6.4
Axes           | 4 6 7 13 14 | 14.5
Evocations     | 3 5 |  5.0
Shields        | 7 9 |  9.1
Dodging        | |  0.7

Action                   |  1- 3 |  4- 6 |  7- 9 | 10-12 | 13-15 || total
-------------------------+-------+-------+-------+-------+-------++-------
Melee: Hand axe          |   121 |   161 |   266 |       |       ||   548
       Tailslap          |     5 |    19 |    54 |    58 |     1 ||   137
       Punch             |     1 |     5 |     7 |       |       ||    13
       War axe           |       |       |   116 |   315 |    11 ||   442
 Abil: Rolling Charge    |       |       |     5 |     3 |       ||     8
Evoke: Piece from Xom's  |       |       |     5 |     3 |       ||     8
       Wand              |       |       |     1 |       |       ||     1
       Phantom mirror    |       |       |     1 |     1 |     1 ||     3
  Use: Scroll            |       |     4 |    15 |     7 |       ||    26
       Potion            |       |     1 |     6 |     3 |     1 ||    11
 Stab: Invisible         |     2 |       |       |     2 |       ||     4
       Confused          |       |     1 |     2 |       |       ||     3
       Petrified         |       |       |     7 |     2 |       ||     9
       Paralysed         |       |       |     1 |     2 |       ||     3
       Distracted        |       |       |     1 |       |       ||     1
       Petrifying        |       |       |       |     1 |       ||     1
Armor: Leather armour    |    72 |    45 |       |       |       ||   117
       Chain mail        |       |    79 |   371 |   211 |     6 ||   667
       Skin              |       |       |    11 |       |       ||    11
Dodge: Dodged            |    75 |    48 |    98 |    64 |     1 ||   286
Block: Kite shield       |       |       |       |   127 |     9 ||   136

Table legend: (Time is in decaauts)
 A = Elapsed time spent in this place.
 B = Non-inter-level travel time spent in this place.
 C = Inter-level travel time spent in this place.
 D = Time resting spent in this place.
 E = Time spent auto-exploring this place.
 F = Levels seen in this place.
 G = Mean time per level.
                   A        B        C        D        E       F      G
               +--------+--------+--------+--------+--------+-----+--------+
         Total |  12300 |  11752 |    548 |   3818 |   5434 |  15 |  820.0 |
       Dungeon |  11589 |  11041 |    548 |   3593 |   5236 |  10 | 1158.9 |
         Abyss |     46 |     46 |      0 |      0 |      0 |   3 |   15.3 |
         Sewer |    126 |    126 |      0 |      0 |     74 |   1 |  126.0 |
        Bailey |    538 |    538 |      0 |    225 |    123 |   1 |  538.0 |
               +--------+--------+--------+--------+--------+-----+--------+

Top non-repeatable levels by time:
     D:1: 1717 daAuts
     D:9: 1597 daAuts
    D:10: 1420 daAuts
     D:8: 1371 daAuts
     D:7: 1181 daAuts
     D:5: 943 daAuts
     D:2: 893 daAuts
     D:3: 862 daAuts
     D:6: 811 daAuts
     D:4: 790 daAuts
  Bailey: 538 daAuts
   Sewer: 126 daAuts
 Abyss:4: 24 daAuts
 Abyss:2: 10 daAuts
 Abyss:3: 10 daAuts
